[Event "*** Titled Tuesday Blitz"]
[Site "Chess.com"]
[Date "2020.05.12"]
[Round "6"]
[White "OhanyanEminChess"]
[Black "ViktoriyaTarasova"]
[Result "0-1"]
[WhiteElo "2457"]
[BlackElo "2239"]
[TimeControl "180+1"]
[EndTime "11:08:07 PDT"]
[Termination "ViktoriyaTarasova won by resignation"]

1. e4 e5 2. Nf3 Nc6 3. Bc4 Bc5 4.
O-O Nf6 5. d3 h6 6. c3 d6 7. d4 Bb6 8. dxe5 Nxe5 9. Nxe5 dxe5 10. Qxd8+ Kxd8 11. Nd2 Ke7 12. h3 Be6 13. Bxe6 Kxe6 14.
Re1 c6 15. Nc4 Bc7 16. f3 b5 17. Ne3 Bb6 18. Kf1 g6 19. Nc2 a5 20. Be3 Bxe3 21.
Nxe3 Rad8 22. Rad1 Ke7 23. Rxd8 Rxd8 24. Rd1 Rxd1+ 25.
Nxd1 Nd7 26. Kf2 Nc5 27. Ke3 f5 28. Nf2 f4+ 29. Kd2 h5 30. b4 axb4 31. cxb4 Na4 32. Nd3 Kd6 33. Kc2 Nb6 34. Nc5 Nc4 35. Kd3 Ne3 36. g4 hxg4 37. hxg4 Nc4 38. Kc3 Nb6 39. Kb3 Nc4 40. Kc3 Ne3 41. Kd3 Ng2 42. Ke2 Ke7 43.
Nd3 Kd6 44. Nc5 Ne3 45. Nb7+ Ke7 46. Nc5 Nc2 47. Nd3 Kd6 48. Kf2 Nd4 49. Nc5 Kc7 50.
Nd3 Kd6 51. Nc5 Nc2 52. Nd3 Na3 53. Ke2 Nc4 54. Nc5 Nb6 55. Nb7+ Ke7 56. Nc5 Kf6 57. Nd3 Nd7 58. Kf2 Ke6 59. Ke2 Kd6 60. Kd2 c5 61.
bxc5+ Nxc5 62. Nb4 Ne6 63. Nd3 Nd4 64. Ne1 Kc5 65. Kc3 b4+ 66. Kd3 Nb5 67. Nc2 Nd6 68. Na1 Kb5 69. Nb3 Nc4 70. Nc1 Ne3 71.
Nb3 Ka4 72. Nc1 Ka3 73. Nb3 Kxa2 74. Nc5 b3 75. Na4 b2 76. Nc3+ Ka1 77. Kd2 b1=Q 78.
Nxb1 Kxb1 79. Kc3 Kc1 80. Kb4 Kd2 81. Kc5 Ke2 82. Kd6 Nc4+ 83. Kd5 Kxf3 84. Kxc4 Kxe4 0-1

[Event "*** Titled Tuesday Blitz"]
[Site "Chess.com"]
[Date "2020.05.12"]
[Round "6"]
[White "CaspiIsrael"]
[Black "Maksimus1998"]
[Result "1-0"]
[WhiteElo "2632"]
[BlackElo "2461"]
[TimeControl "180+1"]
[EndTime "11:08:08 PDT"]
[Termination "CaspiIsrael won by resignation"]

1. e4 e6 2. d4 d5 3. Nd2 Nc6 4. Ngf3 Nf6 5. e5 Nd7 6. Be2 f6 7. exf6 Nxf6 8. O-O Bd6 9. b3 O-O 10. Bb2 Bd7 11. Re1 Ne7 12. Bd3 Ng6 13. Bxg6 hxg6 14. Ne5 Be8 15. c4 Nh5 16. Ndf3 Qf6 17. Bc1 Bxe5 18.
Rxe5 dxc4 19. Bg5 Qf7 20. bxc4 Bc6 21. d5 exd5 22. cxd5 Bd7 23. Re7 Qf5 24. Qd4 Rae8 25. Rae1 Rxe7 26. Rxe7 Qb1+ 27. Ne1 Qf5 28. h4 Re8 29.
Rxe8+ Bxe8 30. g3 Nf6 31. Bxf6 gxf6 32. Ng2 Bf7 33. Ne3 Qb1+ 34. Kg2 Qb6 35. Qe4 Qd6 36. a4 c6 37. dxc6 bxc6 38. Kh2 Kg7 39. Qg4 Qe6 40. Qd4 Qa2 41. Ng4 Qe6 42. a5 c5 43. Qf4 c4 44.
h5 g5 45. h6+ Kh7 46. Qd4 c3 47. Nxf6+ Kxh6 48. Qxc3 Qf5 49. Qd4 Kg6 50. Ng4 Bd5 51.
Ne5+ Kh7 52. Qxd5 Qxf2+ 53. Qg2 Qe3 54. Ng4 Qc5 55. Qb7+ Kg6 56. Qa6+ Kh5 57. Qe2 Kg6 58. Ne5+ Kf5 59. Nd3 Qxa5 60. Qf3+ Kg6 61. Qe4+ Kf6 62. g4 Qd2+ 63. Kg3 Qd1 64. Qf5+ Ke7 65. Qxg5+ Ke8 66. Qe5+ Kf8 67. Qf5+ Kg8 68. Ne5 Qg1+ 69. Kf4 Qc1+ 70. Ke4 Qc2+ 71. Kd5 Qb3+ 72. Nc4 Qb5+ 73. Kd4 Qxf5 74.
gxf5 Kf7 75. Ne3 Kf6 76. Kc4 Ke5 77. Kb5 Kf6 1-0

[Event "*** Titled Tuesday Blitz"]
[Site "Chess.com"]
[Date "2020.05.12"]
[Round "6"]
[White "petrkostenko"]
[Black "ckgchess"]
[Result "1-0"]
[WhiteElo "2479"]
[BlackElo "2629"]
[TimeControl "180+1"]
[EndTime "11:08:09 PDT"]
[Termination "petrkostenko won by resignation"]

1. e4 c5 2. Nf3 d6 3. Bb5+ Nd7 4. Ba4 a6 5. c3 g6 6. O-O Bg7 7. d4 b5 8. Bb3 e6 9. Bf4 Ngf6 10. Re1 Bb7 11.
Bc2 Qe7 12. dxc5 dxc5 13. Bd6 Qd8 14. a4 Qb6 15. axb5 axb5 16. Rxa8+ Bxa8 17. Na3 Bf8 18. Bf4 Be7 19. Qe2 c4 20. e5 Nd5 21. Bh6 Bf8 22.
Qd2 Qc5 23. Bxf8 Kxf8 24. Qh6+ Kg8 25. Be4 Bc6 26. Nc2 Qf8 27. Qd2 Kg7 28. Nfd4 Ba8 29. Nxb5 Qb8 30. Nca3 Nxe5 31. Qd4 f6 32. Bxd5 Bxd5 33.
Qc5 Rc8 34. Qe7+ Nf7 35. f3 Qb6+ 36. Kh1 Qb7 37. Qxb7 Bxb7 38. Rd1 Bd5 39. Kg1 Rb8 40. Rd2 Ne5 41. Kf2 Nd3+ 42. Ke3 Kf7 43. Nc7 Ke7 44.
Kd4 Nc5 45. Nxd5+ exd5 46. Kxc5 Rc8+ 47. Kd4 Kd6 48. Re2 Rb8 49. h4 h6 50. g4 h5 51. gxh5 gxh5 52. Rg2 Re8 53. Nc2 Re7 54. Rg6 Re6 55. Ne3 Kd7 56. Nxd5 Re1 57. Rxf6 Rd1+ 58. Kxc4 Rg1 59. Rf5 Rh1 60. Kc5 Rh3 61. b4 Ke6 62.
Rf6+ Ke5 63. f4+ Ke4 64. c4 Rxh4 65. b5 Rh1 66. b6 h4 67. b7 Rb1 68. Re6+ Kf3 69.
Rb6 Rxb6 70. Kxb6 h3 71. b8=Q h2 72. Qh8 Kg2 73. f5 h1=Q 74. Qxh1+ Kxh1 75. f6 Kg2 76. f7 Kf3 77. f8=Q+ Ke4 78. Qd6 Kd4 79. Kb5 Kd3 80. Qf4 Kc2 81. Qe3 Kb2 82. Kb4 Kc2 83. Qe2+ Kb1 84.
Kb3 1-0

[Event "*** Titled Tuesday Blitz"]
[Site "Chess.com"]
[Date "2020.05.12"]
[Round "6"]
[White "binbin239"]
[Black "Caisachess"]
[Result "1/2-1/2"]
[WhiteElo "2474"]
[BlackElo "2311"]
[TimeControl "180+1"]
[EndTime "11:08:09 PDT"]
[Termination "Game drawn by stalemate"]

1. d4 Nf6 2. Nf3 e6 3. g3 d5 4.
Bg2 Be7 5. O-O O-O 6. c4 dxc4 7. Ne5 Nc6 8. Nxc6 bxc6 9. Na3 c3 10. bxc3 Nd5 11. Qc2 Ba6 12. Rd1 Rb8 13. e4 Nb6 14.
Rb1 Nc4 15. Nxc4 Bxc4 16. Bf4 Bd6 17. Be3 Be7 18. Qa4 Bb5 19. Qc2 Bc4 20. Bf4 Qc8 21.
d5 cxd5 22. exd5 Rxb1 23. Qxb1 exd5 24. Bxd5 Bxd5 25. Rxd5 Qe6 26. Qd1 c6 27. Rd7 Bc5 28.
Rd2 h6 29. Qb3 Re8 30. Qxe6 Rxe6 31. Kg2 Kf8 32. Rd8+ Re8 33. Rd2 Re6 34. h4 h5 35.
Rb2 Bb6 36. Bg5 f6 37. Bf4 Kf7 38. Rd2 Re7 39. Kf3 Ke6 40. Re2+ Kd7 41. Rd2+ Kc8 42.
Rd6 Kb7 43. Rd2 Kc8 44. a4 Kb7 45. c4 Bc5 46. Rb2+ Ka6 47. Bd2 Rd7 48. Ke2 Re7+ 49. Kd3 Bxf2 50. Bf4 Rd7+ 51. Ke4 Bc5 52. Kf5 Bd4 53. Rb3 c5 54. Kg6 Ka5 55. Rb5+ Kxa4 56.
Kxh5 Ka3 57. Kg6 Ka4 58. g4 Ka3 59. h5 Ka4 60. Rb8 a5 61. g5 fxg5 62. Bxg5 Ka3 63.
Bc1+ Ka2 64. Ra8 Bc3 65. Be3 Kb3 66. Bxc5 Kxc4 67. Bf8 Kb5 68. Rb8+ Kc4 69. Rc8+ Kb3 70. Ra8 a4 71. Ra6 Bb2 72. Rb6+ Kc2 73. Rc6+ Kb3 74. Rb6+ Kc2 75. Ra6 Kb3 76. Kh7 a3 77. Kg8 a2 78.
Rb6+ Kc2 79. Rc6+ Kb1 80. Ra6 a1=Q 81. Rxa1+ Bxa1 82. Bc5 Kc2 83. Bf8 Kd3 84. Bc5 Ke4 85. Bf8 Kf5 86. h6 gxh6 87. Bxh6 Kg6 88. Bf8 Rd8 1/2-1/2

[Event "*** Titled Tuesday Blitz"]
[Site "Chess.com"]
[Date "2020.05.12"]
[Round "6"]
[White "Irishchessman16"]
[Black "Chessmasterzt"]
[Result "1/2-1/2"]
[WhiteElo "2415"]
[BlackElo "2563"]
[TimeControl "180+1"]
[EndTime "11:08:10 PDT"]
[Termination "Game drawn - insufficient material"]

1. e4 d5 2. exd5 Nf6 3. d4 Bg4 4. Be2 Bxe2 5. Nxe2 Qxd5 6. O-O Nc6 7. Nbc3 Qh5 8. Nf4 Qxd1 9. Rxd1 O-O-O 10. Be3 g5 11. Nfe2 h6 12. f3 Nb4 13. Rd2 Nfd5 14. Nxd5 Nxd5 15.
Bf2 Bg7 16. c4 Nb6 17. b3 e6 18. Rad1 Rd7 19. d5 exd5 20. c5 Na8 21. Rxd5 Rhd8 22. Rxd7 Rxd7 23. Rxd7 Kxd7 24. Ng3 c6 25. Nf5 Bf8 26. g4 Nc7 27. Kf1 Ne6 28. b4 Nf4 29.
Be3 Nd5 30. Bd2 b6 31. cxb6 axb6 32. a3 b5 33. Ke2 f6 34. Kd3 c5 35. Ke4 Ke6 36. bxc5 Bxc5 37. Nd4+ Bxd4 38. Kxd4 Kd6 39. Be1 Nb6 40. Bb4+ Kc6 41. Bf8 Nc4 42. a4 Nd2 43.
axb5+ Kxb5 44. Ke3 Nc4+ 45. Kf2 Kc6 46. Bxh6 Kd5 47.
Bf8 Ke5 48. Bb4 Nb6 49. Bc3+ Ke6 50. Kg3 Nd5 51. Bd2 Nb6 52. f4 gxf4+ 53. Bxf4 Nd5 54. h4 Kf7 55. Bd2 Kg6 56. h5+ Kf7 57. Kf3 Kg7 58. Ke4 Ne7 59. Bb4 Ng8 60. Kf5 Kf7 61. Bd2 Ne7+ 62.
Ke4 Ng8 63. Kf4 Ne7 64. Bb4 Ng8 65. Bd6 Nh6 66. Bc7 Ng8 67. Bd8 Nh6 68. Ba5 Ng8 69. Bc3 Nh6 70. Bb2 Ng8 71. Bc1 Ne7 72. Ke4 Ng8 73.
h6 Kg6 74. Kd5 Nxh6 75. Bxh6 Kxh6 76. Ke4 Kg5 77. Kf3 Kh6 78. Kf4 Kg6 79. Kf3 Kg5 80.
Kg3 Kg6 81. Kf4 Kf7 82. Kf5 Kg7 83. g5 fxg5 84. Kxg5 1/2-1/2

[Event "*** Titled Tuesday Blitz"]
[Site "Chess.com"]
[Date "2020.05.12"]
[Round "6"]
[White "giantslayer83"]
[Black "chessplayer9919"]
[Result "1/2-1/2"]
[WhiteElo "2698"]
[BlackElo "2490"]
[TimeControl "180+1"]
[EndTime "11:08:12 PDT"]
[Termination "Game drawn by repetition"]

1. d4 Nf6 2. Bg5 d5 3. e3 Bf5 4. Bd3 Bxd3 5. cxd3 e6 6. Nc3 Be7 7. Qb3 Nbd7 8. Nf3 O-O 9. O-O c5 10. Rab1 cxd4 11. exd4 Qb6 12. Qa4 h6 13. Bf4 a6 14.
h3 Rac8 15. Ne5 Rfd8 16. Rfc1 Nxe5 17. dxe5 Nd7 18. Be3 Qb4 19. Qxb4 Bxb4 20. Bd4 Bc5 21. Bxc5 Nxc5 22. d4 Nd3 23. Rd1 Nxb2 24. Rxb2 Rxc3 25. Rxb7 Rc2 26. a3 Rc3 27. Ra7 Rxa3 28. Rb1 Ra4 29. Rbb7 Rf8 30. f4 Rxd4 31. f5 Re4 32. fxe6 Rxe5 33.
exf7+ Kh7 34. Rxa6 Rf5 35. Raa7 Kg6 36. Rb6+ Rf6 37. Rb5 Rd6 38. Raa5 d4 39. Rd5 Rxd5 40. Rxd5 Rxf7 41. Rxd4 Kh7 42. Kh2 Rf6 43. Kg3 Ra6 44. Kf3 Ra3+ 45. Kg4 Ra2 46. g3 Ra5 47. h4 h5+ 48.
Kf4 g6 49. Rb4 Rf5+ 50. Ke4 Kh6 51. Rb8 Rf1 52. Rh8+ Kg7 53. Ra8 Re1+ 54. Kf3 Rf1+ 55. Kg2 Rf5 56. Ra7+ Rf7 57. Ra4 Kh6 58. Kh3 Rf5 59.
g4 Rf3+ 60. Kg2 hxg4 61. Rxg4 Rb3 62. Ra4 Kh5 63. Kh2 Rc3 64. Kg2 Rd3 65. Kh2 Rf3 66. Kg2 Rf5 67. Kg3 Rd5 68. Ra3 Rd4 69. Ra5+ Kh6 70.
Ra8 Kg7 71. Rb8 Kf6 72. Rf8+ Kg7 73. Ra8 Rd3+ 74. Kg4 Rd4+ 75. Kg5 Rd5+ 76. Kg4 Kh6 77. Rh8+ Kg7 78. Ra8 Rd4+ 79. Kg5 Rd5+ 80. Kg4 1/2-1/2

[Event "*** Titled Tuesday Blitz"]
[Site "Chess.com"]
[Date "2020.05.12"]
[Round "6"]
[White "vinniethepooh"]
[Black "grunbergmihai"]
[Result "1-0"]
[WhiteElo "2619"]
[BlackElo "2398"]
[TimeControl "180+1"]
[EndTime "11:08:13 PDT"]
[Termination "vinniethepooh won on time"]

1. d4 f5 2. g3 Nf6 3. Bg2 g6 4. Nf3 Bg7 5. O-O O-O 6. b3 c6 7. Bb2 a5 8. a4 Ne4 9. Nbd2 d5 10. Ne5 Be6 11. f3 Nxd2 12. Qxd2 Nd7 13. Nd3 Bf7 14. e3 Qc7 15. f4 e6 16. c4 Nf6 17. Rfc1 Ne4 18. Qc2 Rfc8 19. Ba3 Qd8 20. Bxe4 fxe4 21. Ne5 Be8 22. Qe2 Qf6 23. h4 h5 24. Kg2 Qf5 25. Rh1 Bxe5 26. fxe5 Qf3+ 27. Qxf3 exf3+ 28. Kxf3 b5 29.
Bd6 bxc4 30. bxc4 dxc4 31. Rhc1 Ra7 32. Rxc4 Rb7 33. Rac1 Rb2 34. R1c2 Rb3 35. Kf4 Bd7 36. R4c3 Rb1 37. Kg5 Kg7 38. Rf2 c5 39. e4 cxd4 40.
Rxc8 Bxc8 41. Bf8+ Kh7 42. Rf7+ Kg8 43. Kxg6 Rg1 44.
Bh6 Rxg3+ 45. Bg5 d3 46. Rc7 Ba6 47. Rd7 Rf3 48. Rd6 Bc4 49. Rd4 Bb3 50. Rd8+ Rf8 51. Rxd3 Bxa4 52. Bf6 Bc2 53. Rd7 Bxe4+ 54. Kxh5 Rf7 55.
Rd8+ Rf8 56. Rd4 Bf5 57. Kg5 Rf7 58. Rd8+ Rf8 59. Rd7 Rf7 60. Rd6 Rf8 61. h5 Rf7 62.
h6 Rf8 63. Ra6 a4 64. Rxa4 Rc8 65. Ra7 Rc2 66. Rg7+ Kf8 67. Ra7 Rg2+ 68. Kf4 Rf2+ 69. Ke3 Rh2 70. Kd4 Kg8 71. Ra8+ Kh7 72. Rh8+ Kg6 73.
Bg7 1-0

[Event "*** Titled Tuesday Blitz"]
[Site "Chess.com"]
[Date "2020.05.12"]
[Round "6"]
[White "barbara25"]
[Black "Margarita2907"]
[Result "0-1"]
[WhiteElo "2292"]
[BlackElo "2019"]
[TimeControl "180+1"]
[EndTime "11:08:24 PDT"]
[Termination "Margarita2907 won on time"]

1. e4 c5 2. Nf3 d6 3. d4 cxd4 4. Nxd4 Nf6 5. Nc3 a6 6. f3 e5 7. Nb3 Be6 8. Be3 Be7 9. Qd2 Nbd7 10. O-O-O O-O 11. g4 b5 12. h4 b4 13. Ne2 a5 14.
Kb1 a4 15. Nbc1 Nb6 16. h5 Nc4 17. Qd3 Nxe3 18. Qxe3 Nd7 19. h6 g6 20. f4 exf4 21.
Nxf4 Nc5 22. Qd4 Bf6 23. Nxe6 Nxe6 24. Qxd6 Qa5 25. Rd5 Qa7 26. g5 Bh8 27. Bh3 Nc7 28. Rc5 Na6 29. Ra5 Qb7 30. Rf1 Nc7 31. Rc5 Nb5 32.
Qc6 Qxc6 33. Rxc6 Rab8 34. Nd3 Nd4 35. Rc7 Nb5 36. Rd7 Rbc8 37. e5 Nc7 38. Rdxf7 Rxf7 39. Rxf7 Kxf7 40. Bxc8 Ke7 41. Nxb4 Nb5 42. Bg4 Bxe5 43.
Nc6+ Kd6 44. Nb4 Bf4 45. Nd3 Bxg5 46. b3 Bxh6 47. bxa4 Nc3+ 48. Kb2 Nxa4+ 49. Kb3 Nc5+ 50. Kc4 Nxd3 51. cxd3 Bg7 52. a4 h5 53. Bf3 h4 54. Bg4 g5 55. a5 Ke5 56. a6 Kf4 57. a7 Kxg4 58. a8=N Kg3 59. Nc7 h3 60. Ne6 h2 61. Nxg5 h1=Q 62. Ne4+ Kf4 63. Kd5 Qc1 64. Nc5 Qd1 65. Ne6+ Kf5 66. Nxg7+ Kg6 67. Ne6 Qxd3+ 68.
Ke5 Qe3+ 69. Kd5 Kf6 70. Nd4 Qd3 71. Kc5 Ke5 72. Nc6+ Ke6 73. Nd4+ Kd7 74. Kd5 Ke7 75. Ke5 Qe3+ 76. Kd5 Kf6 0-1

[Event "*** Titled Tuesday Blitz"]
[Site "Chess.com"]
[Date "2020.05.12"]
[Round "6"]
[White "madalin18"]
[Black "rst2003"]
[Result "0-1"]
[WhiteElo "2181"]
[BlackElo "2452"]
[TimeControl "180+1"]
[EndTime "11:08:29 PDT"]
[Termination "rst2003 won on time"]

1. e4 c5 2. Nf3 d6 3. d4 cxd4 4. Nxd4 a6 5. Nc3 e5 6. Nf5 Nf6 7. Bg5 h6 8. Bxf6 Qxf6 9. Nd5 Qd8 10. Bc4 Be6 11. Qd2 Nd7 12. O-O-O g6 13. Nfe3 Nb6 14.
Nxb6 Qxb6 15. Bxe6 fxe6 16. Nc4 Qc7 17. Nxd6+ Bxd6 18. Qxd6 Qxd6 19. Rxd6 Ke7 20. Rhd1 Rhd8 21. Rxd8 Rxd8 22.
Rxd8 Kxd8 23. c4 Kd7 24. Kc2 Kc6 25. Kc3 g5 26. Kb4 b6 27. a4 a5+ 28. Kc3 Kc5 29.
h3 h5 30. g3 g4 31. hxg4 hxg4 32. b3 Kd6 33. Kd3 Kc5 34. f3 gxf3 35. g4 Kd6 36. Ke3 Ke7 37. Kxf3 Kf6 38. Kg3 Kg5 39. Kh3 Kf4 40. Kh4 Kxe4 41. g5 Kf5 42. Kh5 e4 43. g6 e3 44. g7 e2 45. g8=Q e1=Q 46. Qg5+ Ke4 47. Qg4+ Kd3 48. Qf3+ Kc2 49. Kg5 Qe5+ 50. Kh6 Qc3 51. Qe4+ Kxb3 52. Qxe6 Kxa4 53. Qxb6 Qxc4 54. Qb2 Qb4 55. Qa2+ Kb5 56. Qd5+ Qc5 57. Qb3+ Kc6 58. Kh7 Qe7+ 59. Kh8 Qf8+ 60. Kh7 Qf5+ 61. Kh8 Qh5+ 62. Kg7 Qg4+ 63. Kh8 Qb4 64. Qe6+ Kb5 65. Qd5+ Ka4 66. Qa2+ Qa3 67. Qc4+ Qb4 68. Qa2+ Kb5 69. Qd5+ Ka6 70.
Qc6+ Qb6 71. Qc4+ Ka7 72. Kg8 Qd8+ 73. Kh7 Qd7+ 74. Kh8 a4 75. Qc5+ Kb7 76. Qb4+ Ka6 77. Qc4+ Qb5 78. Qe6+ Ka5 79. Qe1+ Kb6 80. Qe6+ Kc5 81.
Qe5+ Kb4 82. Qd4+ Ka3 83. Qa1+ Kb3 84. Qb1+ Kc4 85. Qc2+ Kd5 86. Qf5+ Kc6 87. Qe6+ Kb7 88. Qe7+ Ka6 89. Qf6+ Qb6 90. Qf1+ Ka7 91. Qf7+ Qb7 92.
Qf2+ Ka8 93. Qd4 a3 94. Qa4+ Qa7 95. Qe4+ Kb8 96. Qb4+ Kc7 97. Qc4+ Kd6 0-1

[Event "*** Titled Tuesday Blitz"]
[Site "Chess.com"]
[Date "2020.05.12"]
[Round "6"]
[White "Artem_Sadovsky"]
[Black "Vusatiuk_Vladimir"]
[Result "1/2-1/2"]
[WhiteElo "2537"]
[BlackElo "2338"]
[TimeControl "180+1"]
[EndTime "11:08:37 PDT"]
[Termination "Game drawn by repetition"]

1. Nf3 Nf6 2. g3 g6 3. Bg2 Bg7 4. O-O O-O 5. c4 d6 6. b3 c5 7. Bb2 Nc6 8. d4 Bg4 9. d5 Nb4 10. Ne1 Na6 11. f3 Bd7 12. e4 b5 13. Na3 Nc7 14. Nd3 a6 15. e5 Nfe8 16. Qe2 Bf5 17. Rad1 Bxd3 18. Rxd3 Rb8 19. f4 a5 20. f5 dxe5 21.
fxg6 hxg6 22. Bxe5 Bxe5 23. Qxe5 Qd6 24. Qe3 Ng7 25.
Rf4 a4 26. b4 bxc4 27. bxc5 Qa6 28. Rxc4 Nf5 29. Qf4 Nb5 30. Rxa4 Qc8 31. Qc1 Nxa3 32. Raxa3 Rb5 33. Rac3 Qb7 34. Rb3 Rc8 35. c6 Qb6+ 36. Kh1 Nd6 37. Qe3 Qa5 38. Qxe7 Rxb3 39. Rxb3 Re8 40.
Qxe8+ Nxe8 41. Re3 Qd8 42. h4 Nd6 43. a4 Qb6 44.
Rc3 Qc7 45. Kh2 Nf5 46. Bh3 Kg7 47. Bxf5 gxf5 48. Rc2 Kf6 49. d6 Qxd6 50. c7 f4 51. c8=Q fxg3+ 52. Kg2 Qd5+ 53. Kxg3 Qe5+ 54. Kf2 Qf4+ 55.
Ke2 Qe4+ 56. Kd1 Qd3+ 57. Rd2 Qf3+ 58. Kc2 Qe4+ 59. Kb2 Qb4+ 60. Kc1 Qa3+ 61. Rb2 Qe3+ 62. Kb1 Qe1+ 63. Qc1 Qe4+ 64. Qc2 Qe1+ 65. Ka2 Qe6+ 66. Rb3 Qa6 67. Qf2+ Ke7 68. Qe3+ Kf8 69. Qc5+ Kg7 70. Qg5+ Kf8 71. Qd8+ Kg7 72. Qd4+ Kh7 73. Rb5 Qe6+ 74. Ka3 Qe7+ 75. Kb2 Qe1 76. Qd3+ Kg7 77. Rg5+ Kh6 78. Rg2 Qb4+ 79. Kc1 Qe1+ 80. Qd1 Qc3+ 81. Rc2 Qa1+ 82. Kd2 Qd4+ 83. Ke1 Qg1+ 84. Ke2 Qg4+ 85. Kd3 Qd7+ 86. Ke2 Qg4+ 87. Kd2 Qd4+ 88. Ke1 Qg1+ 89. Ke2 Qg4+ 1/2-1/2

[Event "*** Titled Tuesday Blitz"]
[Site "Chess.com"]
[Date "2020.05.12"]
[Round "6"]
[White "AwareIdea"]
[Black "PauloCesarCosta_sad"]
[Result "1-0"]
[WhiteElo "2525"]
[BlackElo "2186"]
[TimeControl "180+1"]
[EndTime "11:08:37 PDT"]
[Termination "AwareIdea won on time"]

1. d4 d5 2. c4 c6 3. Nf3 e6 4. e3 Nf6 5. Qc2 Nbd7 6. b3 Bd6 7. Bb2 O-O 8. Nbd2 Qe7 9. Ne5 Ba3 10. Bxa3 Qxa3 11.
Bd3 h6 12. Nxd7 Bxd7 13. O-O Rac8 14. e4 dxe4 15. Bxe4 Nxe4 16. Nxe4 Qe7 17. Rfe1 Rfd8 18. Qc3 Be8 19. h3 b6 20. Rad1 Rd7 21. c5 bxc5 22.
dxc5 Rd5 23. Nd6 Rb8 24. b4 Bd7 25. a3 Bc8 26. Qg3 Qc7 27. Qxg7+ Kxg7 28. Ne8+ Kf8 29. Nxc7 Rxd1 30. Rxd1 Ke7 31. Rd6 Bb7 32. b5 Rc8 33. bxc6 Rxc7 34. cxb7 Rxb7 35. Ra6 Rc7 36.
g4 Rxc5 37. Rxa7+ Kf6 38. Kg2 Rc2 39. Kg3 Ra2 40. h4 Kg6 41. Ra5 Kf6 42. f3 Kg6 43. Kf4 Kf6 44. h5 Kg7 45. Ra8 Rf2 46. a4 Ra2 47.
Ke4 Ra3 48. Ra5 Ra1 49. Ra7 Ra3 50. f4 Ra1 51. a5 Ra4+ 52. Kf3 Ra3+ 53. Kg2 Ra2+ 54. Kg3 Ra3+ 55. Kh4 Ra1 56. a6 Rh1+ 57. Kg3 Rg1+ 58. Kh3 Rh1+ 59. Kg2 Ra1 60. Ra8 Ra2+ 61.
Kf3 Ra3+ 62. Ke4 Ra4+ 63. Ke5 Ra5+ 64. Kd6 Rd5+ 65. Kc6 Rd4 66. a7 Ra4 67. Kb5 Ra1 68. g5 hxg5 69. fxg5 Rb1+ 70. Kc4 Rc1+ 71. Kd3 Rd1+ 72.
Ke4 Re1+ 73. Kf4 Rf1+ 74. Ke5 Re1+ 75. Kd6 Rd1+ 76. Ke7 Ra1 77. h6+ Kh7 78. Kxf7 Rf1+ 79. Ke7 Re1 80. Rh8+ Kxh8 81. a8=Q+ Kh7 82. Qf8 Kg6 83.
Qg7+ Kh5 84. h7 e5 85. h8=Q+ Kg4 86. g6 e4 87. Qe5 e3 88. g7 1-0

[Event "*** Titled Tuesday Blitz"]
[Site "Chess.com"]
[Date "2020.05.12"]
[Round "6"]
[White "Gentlejimmy7"]
[Black "Djager97"]
[Result "0-1"]
[WhiteElo "2560"]
[BlackElo "2433"]
[TimeControl "180+1"]
[EndTime "11:08:45 PDT"]
[Termination "Djager97 won by resignation"]

1. d4 d5 2. g3 Nf6 3. Bg2 e6 4.
Nf3 Be7 5. O-O b5 6. b3 Bb7 7.
c4 bxc4 8. bxc4 c5 9. cxd5 Nxd5 10. dxc5 Bxc5 11. Bb2 O-O 12. Nc3 Nf6 13. Qb3 Qe7 14. Na4 Bd5 15. Qc2 Bd6 16. Nc3 Bb7 17.
Nb5 Rc8 18. Qd3 Bc5 19. Rac1 a6 20. Bxf6 gxf6 21. Nbd4 Nc6 22. Nb3 Bb6 23. Qe4 Ne5 24.
Qf4 Ng6 25. Qh6 Rxc1 26. Rxc1 Rd8 27. h4 Qf8 28. Qh5 Rd5 29. Qg4 Kh8 30. h5 Ne7 31.
Nfd2 Rg5 32. Qf4 Bxg2 33. Qxf6+ Qg7 34. Qxg7+ Kxg7 35. Kxg2 Rxh5 36. Ne4 Rd5 37. Kf3 Nf5 38. Rc6 Rb5 39. g4 Ne7 40. Rd6 Ng6 41. Rd1 Ne5+ 42.
Kg3 Bc7 43. f4 Nc4 44. Kf3 a5 45. Rd7 Bb8 46. Ng5 a4 47. Rxf7+ Kg8 48. Nd4 Rxg5 49.
Rb7 Bxf4 50. Kxf4 Rd5 51. Nxe6 Nd6 52. Rb8+ Kf7 53. Ng5+ Kg6 54. Nf3 Nb5 55. Ne5+ Kf6 56. g5+ Ke6 57. Rb6+ Ke7 58. Nc6+ Kd7 59. e4 Rc5 60. Ne5+ Kc7 61. Rh6 Rc2 62. Rxh7+ Kb6 63. g6 Nd4 64. Rd7 Ne6+ 65. Kf5 Nc5 66. g7 Rf2+ 67.
Kg5 Rg2+ 68. Ng4 Nxd7 69. g8=Q Rxg4+ 70. Kxg4 Nf6+ 71. Kf5 Nxg8 72. Ke6 Kc5 73. e5 Kb4 74. Kf7 Nh6+ 75. Kg6 Ng8 76. e6 Ne7+ 77. Kf7 Nd5 78. Kg6 Ka3 79. Kf5 Kxa2 80. Ke5 Ne7 81. Kd6 Ng6 82.
Kc5 a3 83. Kd4 Kb2 84. Ke4 a2 85. Kf5 Ne7+ 0-1

[Event "*** Titled Tuesday Blitz"]
[Site "Chess.com"]
[Date "2020.05.12"]
[Round "6"]
[White "ZarinaShafigullina"]
[Black "blitzking1729"]
[Result "1-0"]
[WhiteElo "2328"]
[BlackElo "2493"]
[TimeControl "180+1"]
[EndTime "11:08:45 PDT"]
[Termination "ZarinaShafigullina won by resignation"]

1. d4 d5 2. Nf3 Nf6 3. g3 c5 4. Bg2 Nc6 5. O-O Bg4 6. dxc5 e6 7. c4 Bxc5 8. cxd5 exd5 9. Nc3 O-O 10. Bg5 d4 11. Ne4 Be7 12. Nxf6+ Bxf6 13. Bxf6 Qxf6 14.
Qb3 Qe7 15. Rfe1 Be6 16. Qd3 Rfd8 17. Qe4 Qf6 18. a3 Rac8 19. Rad1 h6 20. Rd2 Bd5 21. Qf4 Qxf4 22. gxf4 Bxf3 23. Bxf3 Na5 24. Red1 Rc4 25. e3 b6 26. Rd3 Kf8 27. b4 Nc6 28. Bxc6 Rxc6 29. Rxd4 Rxd4 30. Rxd4 Ke7 31. Rd3 Rc1+ 32. Kg2 f5 33. Rb3 b5 34. Rd3 a6 35. Rd5 g6 36.
Re5+ Kf7 37. Rd5 Rc3 38. a4 bxa4 39. Ra5 a3 40. Rxa6 Rb3 41. Ra4 g5 42. fxg5 hxg5 43.
b5 Kf6 44. b6 g4 45. b7 Rxb7 46. Rxa3 Kg5 47. Ra8 Rb2 48. Kg3 Rc2 49. Rg8+ Kf6 50. Rf8+ Kg5 51. Rd8 Ra2 52. Rd4 Ra3 53. Rf4 Ra2 54. Rb4 Ra3 55. Rf4 Ra2 56. h4+ gxh3 57.
Kxh3 Ra3 58. Kg3 Ra2 59. Rb4 Ra5 60. Rb8 Ra3 61. Rg8+ Kf6 62. Kf3 Ke5 63. Re8+ Kf6 64. Kg3 Rb3 65. Rf8+ Ke5 66. f4+ Ke4 67. Re8+ Kd5 68.
Kf3 Kd6 69. Re5 Rb1 70. Rxf5 Ke6 71. Re5+ Kf6 72. Ra5 Rh1 73. Ke4 Rh3 74. Ra6+ Ke7 75. Kd4 Rh8 76. e4 Rh1 77. Ke5 Rh5+ 78. f5 Rh1 79.
Ra7+ Kf8 80. Ke6 Rb1 81. Kf6 Rb6+ 82. Kg5 Rb3 83. e5 Rb5 84. Kf6 Rb6+ 85. e6 Ke8 86.
Ra8+ 1-0

[Event "*** Titled Tuesday Blitz"]
[Site "Chess.com"]
[Date "2020.05.12"]
[Round "6"]
[White "GMsKoRPioN"]
[Black "Borsuk_Konstantin"]
[Result "0-1"]
[WhiteElo "2458"]
[BlackElo "2646"]
[TimeControl "180+1"]
[EndTime "11:09:03 PDT"]
[Termination "Borsuk_Konstantin won by resignation"]

1. d4 Nf6 2. c4 e6 3. Nc3 Bb4 4. Qc2 O-O 5. a3 Bxc3+ 6. Qxc3 b6 7.
Nf3 Bb7 8. g3 d6 9. Bg2 a5 10.
O-O a4 11. Bg5 Ra5 12. Bxf6 Qxf6 13. Ne1 Bxg2 14. Nxg2 Nc6 15. e3 e5 16. d5 Nb8 17.
f4 Nd7 18. Rae1 e4 19. Qxf6 Nxf6 20. Rc1 h5 21. Rfd1 Re8 22. Kf2 Nd7 23. Ke2 Nc5 24.
Rc2 g6 25. Rc3 Kg7 26. Ne1 f6 27. Nc2 Raa8 28. Nd4 Kf7 29. Nb5 Re7 30. Nd4 Rh8 31. Nc6 Ree8 32. Nd4 f5 33. h4 Nd3 34. Rb1 Ra8 35. Nc2 Ke7 36. Ne1 Nc5 37. Nc2 Kd7 38. Nd4 Nd3 39. Ne6 Ra5 40. Nd4 Rha8 41. Nc6 Rc5 42. Nb4 Re8 43. Nxd3 exd3+ 44. Kxd3 b5 45. Ke2 bxc4 46. Rd1 Rb8 47. Rd2 c6 48. dxc6+ Kxc6 49. Rcc2 d5 50. Kf3 Rcb5 51. Re2 Rb3 52. Kf2 Kc5 53.
Rcd2 R8b7 54. Rc2 Rd3 55. Kf3 Rbb3 56. Kf2 Kb5 57. Rcd2 Kc5 58. Rc2 Rd1 59. Rcd2 Rd3 60. Rxd1 Rxd1 61. Rc2 d4 62. exd4+ Kxd4 63. Re2 Rd3 64.
Kg2 Rb3 65. Kh3 Kd3 66. Rf2 Rb6 67. Rf3+ Kd4 68. Rf2 Ke3 69. Rc2 Kd3 70. Rc3+ Kd4 71. Rc2 Re6 72. Rd2+ Kc5 73. Kg2 Re3 74. Kf2 Rb3 75.
Re2 c3 76. bxc3 Rxa3 77. Re6 Rxc3 78. Rxg6 a3 79. Ra6 Kb4 80. Kg2 Kb3 81. Rb6+ Kc2 82. Ra6 Kb2 83. Ra5 a2 84. Rb5+ Rb3 85. Ra5 a1=Q 86.
Rxa1 Kxa1 87. g4 hxg4 88. h5 Rh3 89. h6 Kb2 90. h7 Kc3 91. h8=Q+ Rxh8 92. Kf2 Rh3 93. Kg2 Kd3 0-1

[Event "*** Titled Tuesday Blitz"]
[Site "Chess.com"]
[Date "2020.05.12"]
[Round "7"]
[White "Rodchenkov_Vitalij"]
[Black "Boninknights"]
[Result "0-1"]
[WhiteElo "2421"]
[BlackElo "2260"]
[TimeControl "180+1"]
[EndTime "11:10:47 PDT"]
[Termination "Boninknights won by resignation"]

1. d4 Nf6 2. c4 e6 3. g3 c5 4. d5 exd5 5. cxd5 d6 6. Nc3 g6 7.
Bg2 Bg7 8. Nf3 O-O 9. O-O Re8 10. Bf4 Na6 11. Re1 Ne4 12. Nxe4 Rxe4 13. Nd2 Rxf4 14. g4 Rxg4 0-1

[Event "*** Titled Tuesday Blitz"]
[Site "Chess.com"]
[Date "2020.05.12"]
[Round "7"]
[White "Sjakkerntobi"]
[Black "yamalchess"]
[Result "0-1"]
[WhiteElo "2299"]
[BlackElo "2504"]
[TimeControl "180+1"]
[EndTime "11:11:31 PDT"]
[Termination "yamalchess won by checkmate"]

1. e4 e5 2. Nf3 Nc6 3. Bb5 a6 4. Ba4 Nf6 5. O-O b5 6. Bb3 Bb7 7. Re1 Bc5 8. c3 Ng4 9. d4 exd4 10.
cxd4 Nxd4 11. Nxd4 Qh4 12. Nf3 Qxf2+ 13. Kh1 Qg1+ 14.
Rxg1 Nf2# 0-1

[Event "*** Titled Tuesday Blitz"]
[Site "Chess.com"]
[Date "2020.05.12"]
[Round "7"]
[White "BabyFacedAssasin"]
[Black "TheSodabread"]
[Result "1-0"]
[WhiteElo "2260"]
[BlackElo "1969"]
[TimeControl "180+1"]
[EndTime "11:11:34 PDT"]
[Termination "BabyFacedAssasin won by checkmate"]

1. e4 c5 2. Nf3 d6 3. d4 cxd4 4. Nxd4 Nf6 5. Nc3 a6 6. h3 e5 7. Nde2 h5 8. Bg5 Nbd7 9. Nd5 h4 10. Nec3 b5 11. a4 b4 12. Nxb4 Qb6 13. Nbd5 Nxd5 14. Nxd5 Qxb2 15. Nc7# 1-0